 Dungeon Crawl Stone Soup version 0.16.0-8-gd9ae3a8 (webtiles) character file.

279 RobertPalmer the Conjurer (level 6, -1/36 HPs)
             Began as an Octopode Fire Elementalist on Mar 16, 2015.
             Was an Initiate of Makhleb.
             Killed from afar by an orc wizard (9 damage)
             ... with a puff of flame
             ... on level 4 of the Dungeon.
             The game lasted 00:09:10 (3225 turns).

RobertPalmer the Conjurer (OpFE)                    Turns: 3225, Time: 00:09:10

Health: -1/36      AC:  1    Str:  8    XL:     6   Next: 26%
Magic:  6/11       EV: 13    Int: 17    God:    Makhleb [......]
Gold:   64         SH:  0    Dex: 14    Spells: 3 memorised, 1 level left

rFire  . . .     SeeInvis .     f - +1 dagger
rCold  . . .     Clarity  .     (no shield)
rNeg   . . .     SustAb   .     (helmet restricted)
rPois  .         Gourm    .     (no amulet)
rElec  .         Spirit   .     (no ring)
rCorr  .         Warding  .     (no ring)
rMut   .         Stasis   .     (no ring)
MR     .....                    (no ring)
Stlth  +++.......               (no ring)
                                (no ring)
                                (no ring)
                                (no ring)

@: not resistant to hostile enchantments, fairly stealthy
A: almost no armour, amphibious, 8 rings, constrict 8, camouflage 1, gelatinous
body 1
a: Renounce Religion


You were on level 4 of the Dungeon.
You worshipped Makhleb.
Makhleb was noncommittal.
You were hungry.

You visited 2 branches of the dungeon, and saw 6 of its levels.

You collected 64 gold pieces.

Inventory:

Hand weapons
 f - a +1 dagger (weapon)
   (You took it off a kobold on level 1 of the Dungeon)
Missiles
 e - 25 poisoned needles
 r - 5 curare-tipped needles
Jewellery
 g - an uncursed amulet of rage {unknown}
   (You found it on level 3 of the Dungeon)
Magical devices
 t - a wand of slowing (20)
   (You found it on level 5 of the Dungeon)
Scrolls
 a - 2 scrolls of identify
 j - a scroll of immolation {unknown}
 l - a scroll of blinking {unknown}
 s - 2 scrolls of remove curse
 u - a scroll of fog {unknown}
Potions
 d - 2 potions of heal wounds {unknown}
 k - a potion of magic
 m - a potion of curing {unknown}
 o - a potion of resistance {unknown}
 p - 2 potions of brilliance {unknown}
 q - a potion of poison {unknown}
Books
 b - a book of Flames
 i - a book of Burglary
   (You found it on level 3 of the Dungeon)
Comestibles
 c - 4 bread rations
 h - 3 meat rations


   Skills:
 - Level 2.8 Dodging
 - Level 3.0 Stealth
 - Level 2.3 Spellcasting
 + Level 5.2 Conjurations
 - Level 3.3 Fire Magic


You had one spell level left.
You knew the following spells:

 Your Spells              Type           Power        Failure   Level  Hunger
a - Flame Tongue          Conj/Fire      ###..        3%          1    #......
c - Conjure Flame         Conj/Fire      ###.....     12%         3    ###....
s - Sticky Flame          Conj/Fire      ###.....     38%         4    #####..


Dungeon Overview and Level Annotations

Branches:
Dungeon (5/15)             Temple (1/1) D:5

Altars:
Ashenzari
Elyvilon
Fedhas
Kikubaaqudgha
Makhleb
Nemelex Xobeh
Okawaru
Qazlal
Ru
Vehumet
Xom
Zin
The Shining One

Annotations:
D:3 Edmund


Innate Abilities, Weirdness & Mutations

You cannot wear most types of armour.
You are amphibious.
You can wear up to eight rings at the same time.
You can use your tentacles to constrict many enemies at once.
Your skin changes colour to match your surroundings (Stealth).
Your rubbery body absorbs attacks (AC +1).


Message History

Your Conjurations skill increases to level 5!
You start resting.
Magic restored.
HP restored.
You are near starving!
You see here a meat ration.
You see here a meat ration.
h - 3 meat rations (gained 1) Autopickup is now on.
Eat which item? (? for menu, Esc to quit)
Mmm...
Super Supreme.
An orc is nearby!
An orc is nearby!
An orc is nearby!
An orc priest comes into view. It is wielding a mace.
The orc wizard shouts!
The orc shouts!
The orc priest shouts!
The orc shouts!
The orc priest shouts!
The orc priest mumbles some strange prayers to Beogh.
You feel troubled.
There is a stone staircase leading up here.
You climb upwards.
There is a stone staircase leading down here.
There is a stone staircase leading down here.
You climb downwards.
There is a stone staircase leading up here.
You start waiting.
You are feeling hungry.
You start waiting.
An orc is nearby!
Casting: Flame Tongue
Confirm with . or Enter, or press ? or * to list all spells.
Aiming: Flame Tongue
Press: ? - help, Shift-Dir - straight line, f - orc
Aim: an orc, wielding a whip The flame tongue hits the orc.
You kill the orc!
Makhleb accepts your kill.
The orc wizard shouts!
The orc wizard casts a spell.
The orc wizard seems to speed up.
The orc wizard evokes its ring.
The orc wizard flickers and vanishes!
Deactivating autopickup; reactivate with Ctrl-A.
The puff of frost hits you!
An orc comes into view.
The orc shouts!
An orc wizard comes into view. It is wielding a dagger.
The orc wizard shouts!
An orc comes into view. It is wielding a club.
The orc shouts!
You hear some strange, mumbled words.
You feel troubled.
There is a stone staircase leading up here.
You hear some strange, mumbled words.
The puff of frost hits you! Something hits you but does no damage.
You climb upwards.
There is a stone staircase leading down here.
There is a strange disturbance nearby!
Casting: Flame Tongue
Confirm with . or Enter, or press ? or * to list all spells.
Okay, then.
Drink which item? (? for menu, Esc to quit)
Okay, then.
Casting: Flame Tongue
Confirm with . or Enter, or press ? or * to list all spells.
You can't see any susceptible monsters within range! (Use Z to cast anyway.)
Casting: Flame Tongue
Confirm with . or Enter, or press ? or * to list all spells.
Aiming: Flame Tongue
Press: ? - help, Shift-Dir - straight line The flame tongue hits something.
Something hits you. Something hits you but does no damage.
Casting: Flame Tongue
Confirm with . or Enter, or press ? or * to list all spells.
Aiming: Flame Tongue
Press: ? - help, Shift-Dir - straight line The flame tongue hits something.
Something completely misses you.
Casting: Flame Tongue
Confirm with . or Enter, or press ? or * to list all spells.
Aiming: Flame Tongue
Press: ? - help, Shift-Dir - straight line Something hits you but does no damage.
Something hits you.
Casting: Flame Tongue
Confirm with . or Enter, or press ? or * to list all spells.
Aiming: Flame Tongue
Press: ? - help, Shift-Dir - straight line You hear some strange, mumbled words.
A puff of flame appears from out of thin air!
The puff of flame hits you!
* * * LOW HITPOINT WARNING * * *
Casting: Flame Tongue
Confirm with . or Enter, or press ? or * to list all spells.
Okay, then.
Casting: Flame Tongue
Confirm with . or Enter, or press ? or * to list all spells.
Aiming: Flame Tongue
Press: ? - help, Shift-Dir - straight line You hear some strange, mumbled words.
A puff of flame appears from out of thin air!
The puff of flame hits you!
You die...

......###...#
#.......###)#
...#........##
##.#)........#
.....##.####.#
#####
<#......#
#.###...###
.########
#.....#...# .#
####....#.#
.########
#.@..#.#
........####
#..{.#.#
...........#
#....#.#
...###.....#
#.#.#..#
...........#
#..###.##
....##.....#
#.## ##.#
.........>.#
#..###.##
.##.########
##..#.## .##.#
#.#.##


There were no monsters in sight!

Vanquished Creatures
  A water moccasin skeleton (D:5)
  A centaur skeleton (D:4)
  2 hounds (D:5)
  2 worker ants (D:4)
  4 adders
  A worm (D:2)
  2 oozes
  2 orcs
  4 ball pythons
  8 goblins
  6 hobgoblins
  2 bats
  3 giant geckos
  A giant gecko skeleton (D:4)
  4 giant newts
  2 jackals
  A jackal skeleton (D:4)
  6 kobolds
  12 rats
64 creatures vanquished.

Notes
Turn   | Place    | Note
--------------------------------------------------------------
     0 | D:1      | RobertPalmer, the Octopode Fire Elementalist, began the quest for the Orb.
     0 | D:1      | Reached XP level 1. HP: 11/11 MP: 3/3
    94 | D:1      | Reached XP level 2. HP: 15/17 MP: 2/4
   755 | D:2      | Reached XP level 3. HP: 17/21 MP: 6/6
   807 | D:2      | Found a stormy altar of Qazlal.
   951 | D:2      | Reached skill level 3 in Stealth
  1143 | D:2      | Learned a level 3 spell: Conjure Flame
  1180 | D:2      | Reached skill level 2 in Conjurations
  1305 | D:3      | Found a glowing golden altar of the Shining One.
  1325 | D:3      | Reached XP level 4. HP: 27/27 MP: 6/8
  1623 | D:3      | Found a shattered altar of Ashenzari.
  1735 | D:4      | Noticed Edmund
  1850 | D:4      | Reached skill level 3 in Conjurations
  1897 | D:4      | Reached XP level 5. HP: 31/31 MP: 6/9
  1905 | D:4      | Learned a level 4 spell: Sticky Flame
  2012 | D:4      | Found a sparkling altar of Nemelex Xobeh.
  2016 | D:4      | Found an iron altar of Okawaru.
  2022 | D:4      | Found an ancient bone altar of Kikubaaqudgha.
  2243 | D:4      | Reached skill level 4 in Conjurations
  2416 | D:5      | Entered Level 5 of the Dungeon
  2668 | D:5      | Reached XP level 6. HP: 27/36 MP: 7/11
  2726 | D:5      | Found a staircase to the Ecumenical Temple.
  2785 | Temple   | Entered the Ecumenical Temple
  2799 | Temple   | Became a worshipper of Makhleb the Destroyer
  2833 | D:5      | Found a burning altar of Makhleb.
  2899 | D:5      | Reached skill level 5 in Conjurations
  3224 | D:4      | HP: 8/36 [something/puff of flame (6)]
  3225 | D:4      | Killed from afar by an orc wizard

Action                   |  1- 3 |  4- 6 || total
-------------------------+-------+-------++-------
Melee: Unarmed           |     2 |       ||     2
       Dagger            |    36 |    30 ||    66
 Cast: Flame Tongue      |    37 |    29 ||    66
       Conjure Flame     |       |     2 ||     2
  Use: Scroll            |       |     5 ||     5
 Stab: Sleeping          |     5 |     7 ||    12
  Eat: Chunk             |     2 |     4 ||     6
       Pizza             |       |     1 ||     1

Vault maps used:
D:1:      lemuel_arrival_room, serial_aquarium, aquarium_bridge_square,
          aquarium_bridge_square, aquarium_window_1, aquarium_window_1,
          aquarium_view_2d, aquarium_view_2c, aquarium_pool_side
D:2:      first_bread, grunt_qazlal_sundering
D:3:      tso_metal_star, evilmike_ruin_ashenzari, supply_closet_lemuel
D:4:      minmay_overflow_temple_star_quad, minmay_unequal, uniq_edmund
D:5:      minmay_temple_entry_junction, basic_altar
Temple:   circular_temple_12

Table legend:
 A = Turns spent in this place as a percentage of turns spent in the entire game.
 B = Non-inter-level travel turns spent in this place as a percentage of non-inter-level travel turns spent in the entire game.
 C = Inter-level travel turns spent in this place as a percentage of turns spent in this place.
 D = Turns resting spent in this place as a percentage of non-inter-level travel turns spent in this place.
 E = Turns spent auto-exploring this place as a percentage of non-inter-level travel turns spent in this place.
 F = Non-inter-level travel turns spent in this place divided by the number of levels of this place that you've seen.
                   A       B       C       D       E      F
               +-------+-------+-------+-------+-------+----------------------
         Total | 100.0 | 100.0 |   0.7 |   1.7 |   5.3 | 220.7
       Dungeon |  98.9 |  98.9 |   0.7 |   1.8 |   5.3 | 262.0
        Temple |   1.1 |   1.1 |   6.7 |   0.0 |   0.0 |  14.0
               +-------+-------+-------+-------+-------+----------------------

Table legend:
 A = Kills in this place as a percentage of kills in entire the game.
 B = Kills by you in this place as a percentage of kills by you in the entire game.
 C = Kills by friends in this place as a percentage of kills by friends in the entire game.
 D = Other kills in this place as a percentage of other kills in the entire game.
 E = Experience gained in this place as a percentage of experience gained in the entire game.
 F = Experience gained in this place divided by the number of levels of this place that you have seen.
                   A       B       C       D       E      F
               +-------+-------+-------+-------+-------+----------------------
         Total | 100.0 | 100.0 |  -nan |  -nan | 100.0 |  66.5
       Dungeon | 100.0 | 100.0 |  -nan |  -nan | 100.0 |  79.8
               +-------+-------+-------+-------+-------+----------------------
